 Dungeon Crawl Stone Soup version 0.29-a0-563-g64e4043184 (webtiles) character file.

Game seed: 2437337047577950382

179 xian the Slasher (level 5, 0/44 HPs)
             Began as a Palentonga Fighter on June 11, 2022.
             Slain by a goblin
             ... wielding a +0 club
              (1 damage)
             ... on level 3 of the Dungeon.
             The game lasted 00:06:49 (2426 turns).

xian the Slasher (Palentonga Fighter)               Turns: 2426, Time: 00:06:49

Health: 0/44       AC:  9    Str: 21    XL:     5   Next: 32%
Magic:  5/5        EV:  7    Int:  4    God:
Gold:   94         SH:  4    Dex:  9    Spells: 4/4 levels left

rFire   . . .      SeeInvis +   a - +1 long sword
rCold   . . .      Faith    .   c - +0 buckler
rNeg    + . .      Spirit   .   v - +3 scale mail
rPois   .          Reflect  .   (no helmet)
rElec   +          Harm     .   (no cloak)
rCorr   +          Rampage  .   (no gloves)
Will    .....                   (no barding)
Stlth   ..........              r - amulet of magic regeneration
HPRegen 0.14/turn               e - ring "Hiadoics" {Fly rElec rCorr Int-5}
MPRegen 0.49/turn               l - ring of positive energy

@: mighty, flying
A: large, rugged brown scales 3, see invisible, deformed body, roll 1, armoured
tail
a: Rolling Charge


You were on level 3 of the Dungeon.
You visited 1 branch of the dungeon, and saw 3 of its levels.

You collected 94 gold pieces.

Inventory:

Hand Weapons
 a - a +1 long sword (weapon)
Armour
 c - a +0 buckler (worn)
 v - a +3 scale mail (worn)
Jewellery
 e - the ring "Hiadoics" (left hand) {Fly rElec rCorr Int-5}
   (You acquired it on level 1 of the Dungeon)

   [ring of resist corrosion]

   Int:       It affects your intelligence (-5).
   rElec:     It insulates you from electricity.
   Fly:       It grants you flight.
   rCorr:     It protects you from acid and corrosion.
 l - a ring of positive energy (right hand)
 r - an amulet of magic regeneration (around neck)
Scrolls
 b - a scroll of fog {unknown}
 f - a scroll of magic mapping {unknown}
 g - a scroll of enchant weapon
 h - 2 scrolls of blinking {unknown}
 m - a scroll of identify {unknown}
 n - 2 scrolls of silence {unknown}
 o - 2 scrolls of teleportation {unknown}
 q - 2 scrolls of enchant armour {unknown}
Potions
 i - a potion of haste {unknown}
 j - a potion of magic {unknown}
 k - a potion of flight {unknown}
 p - a potion of curing {unknown}
 s - a potion of degeneration {unknown}
 t - a potion of lignification {unknown}
 u - a potion of brilliance {unknown}


   Skills:
 + Level 3.7 Fighting
 + Level 3.9 Long Blades
 + Level 3.1 Armour
 + Level 0.5 Dodging
 + Level 0.1 Stealth
 + Level 3.1 Shields


You had 4 spell levels left.
You didn't know any spells.
Your spell library contained the following spells:

 Spells                   Type           Power      Damage    Failure   Level
 Flame Wave               Conj/Fire      0%         2d4       100%        4
 Ice Form                 Ice/Tmut       0%         N/A       100%        4
 Metabolic Englaciation   Hex/Ice        0%         N/A       100%        5


Dungeon Overview and Level Annotations

Branches:
Dungeon (3/15)

Altars:
Xom


Innate Abilities, Weirdness & Mutations

You are completely covered in rugged brown scales. (AC +3, +7% HP)
You have supernaturally acute eyesight. (SInv)
Armour fits poorly on your strangely shaped body.
You can roll at nearby foes to attack.
You have a long armoured tail.


Message History

The adder barely misses you.
You miss the adder. You tail-slap the adder!
The adder is almost dead.
The gnoll hits you from afar with a +0 halberd.
The adder bites you but does no damage.
The gnoll hits you from afar with a +0 halberd.
You barely miss the adder.
The adder is almost dead.
The adder bites you but does no damage. The adder closely misses you.
The gnoll hits you from afar with a +0 halberd.
You hit the adder but do no damage.
The adder is almost dead.
The adder bites you but does no damage. The gnoll closely misses you.
The adder bites you but does no damage.
You closely miss the adder.
The adder is almost dead.
The gnoll barely misses you. The adder bites you but does no damage.
You slash the adder!
You kill the adder!
The gnoll hits you from afar with a +0 halberd.
The gnoll hits you with a +0 whip.
The gnoll hits you from afar with a +0 halberd.
You feel very mighty all of a sudden. The gnoll closely misses you.
You block the gnoll's attack.
You closely miss the gnoll. You tail-slap the gnoll!
You kill the gnoll!
The gnoll barely misses you. You block the ball python's attack.
You slash the ball python!
You kill the ball python!
The gnoll hits you from afar with a +0 halberd.
* * * LOW HITPOINT WARNING * * *
You hit the goblin.
The goblin is heavily wounded.
You block the gnoll's attack. The goblin hits you but does no damage.
You closely miss the goblin.
The goblin is heavily wounded.
The gnoll hits you from afar with a +0 halberd!
* * * LOW HITPOINT WARNING * * *
The goblin hits you with a +0 club.
You die...

###.# #..#.# .#.
..#.#####...#########.....
#...#.............†.....#
##..#.########'########...
###.#.# #)# ..### ......#
#)# (...# ..#...#
##.##gg..## ....#.#
+#...#g....#
##....######....@######
###...'...............+
##..#.###...........###
##.##.# ##....#....## ##.
#.# ##.......## #.. #.#
.'.......+ #.# #.#
.##..[....# #. #†#
....#.... .. #.# ..##+##..


You could see 2 gnolls and a goblin.

Vanquished Creatures
  An orc priest (D:3)
  An orc wizard (D:3)
  A gnoll (D:3)
  3 adders (D:3)
  2 worms (D:3)
  2 dart slugs
  4 orcs (D:3)
  7 ball pythons
  3 bats
  7 endoplasms
  3 giant cockroaches
  7 goblins
  4 hobgoblins
  8 jackals
  5 kobolds
  2 quokkas
  3 frilled lizards
  4 rats
67 creatures vanquished.

Notes
Turn   | Place    | Note
-------+----------+-------------------------------------------
     0 | D:1      | xian the Palentonga Fighter began the quest for the Orb.
     0 | D:1      | Reached XP level 1. HP: 19/19 MP: 1/1
   183 | D:1      | Reached XP level 2. HP: 25/25 MP: 2/2
   395 | D:1      | Identified a scroll of acquirement
   395 | D:1      | Acquired the ring "Hiadoics" {Fly rElec rCorr Int-5}
   564 | D:1      | Reached XP level 3. HP: 23/31 MP: 3/3
   869 | D:2      | Found a faded altar of an unknown god.
  1016 | D:2      | Found a shimmering altar of Xom.
  1768 | D:3      | Reached XP level 4. HP: 16/38 MP: 4/4
  2097 | D:3      | Got the Collected Works on the Blaze and Snow
  2257 | D:3      | Reached XP level 5. HP: 25/43 MP: 5/5
  2426 | D:3      | HP: 1/44 [gnoll/+0 halberd (9)]
  2426 | D:3      | Slain by a goblin

Illustrated notes

Levels and vault maps discovered:
D:1:      evilmike_arrival_crescent, layout_basic, minmay_misc_feat_ornament
D:2:      layout_basic, nicolae_ecumenical_pavilion, basic_altar,
          grunt_ministairs_6, nicolae_figureground_pulse
D:3:      layout_rooms, minmay_pentangle

Skill      XL: |  1  2  3  4 |
---------------+-------------+-----
Shields        | 3 |  3.1
Long Blades    | 3 |  3.9
Armour         | 3 |  3.1
Fighting       | |  3.7
Dodging        | |  0.5
Stealth        | |  0.1

Action                   |  1- 3 |  4- 6 || total
-------------------------+-------+-------++-------
Melee: Long sword        |   104 |    90 ||   194
       Tailslap          |    12 |    13 ||    25
 Abil: Rolling Charge    |    27 |     2 ||    29
  Use: Scroll            |     1 |     1 ||     2
       Potion            |       |     1 ||     1
Armor: Scale mail        |    35 |    30 ||    65
       Plate armour      |    27 |    41 ||    68
Dodge: Dodged            |    43 |    36 ||    79
Block: Buckler           |    11 |    23 ||    34

Table legend: (Time is in decaauts)
 A = Elapsed time spent in this place.
 B = Non-inter-level travel time spent in this place.
 C = Inter-level travel time spent in this place.
 D = Time resting spent in this place.
 E = Time spent auto-exploring this place.
 F = Levels seen in this place.
 G = Mean time per level.
                   A        B        C        D        E       F      G
               +--------+--------+--------+--------+--------+-----+--------+
         Total |   2480 |   2344 |    136 |    237 |   1551 |   3 |  826.7 |
       Dungeon |   2480 |   2344 |    136 |    237 |   1551 |   3 |  826.7 |
               +--------+--------+--------+--------+--------+-----+--------+

Top non-repeatable levels by time:
     D:2: 1131 daAuts
     D:1: 889 daAuts
     D:3: 459 daAuts
